 Dungeon Crawl Stone Soup version 0.18.1-8-gdd0e5ea (webtiles) character file.

11 Hesddalt the Vexing (level 2, -4/21 HPs)
             Began as a Formicid Arcane Marksman on May 22, 2016.
             Slain by a hobgoblin
             ... wielding a +0 club
              (8 damage)
             ... on level 1 of the Dungeon.
             The game lasted 00:03:14 (365 turns).

Hesddalt the Vexing (Formicid Arcane Marksman)       Turns: 365, Time: 00:03:14

Health: -4/21      AC:  2    Str: 15    XL:     2   Next: 35%
Magic:  3/3        EV: 12    Int: 12    God:
Gold:   56         SH:  0    Dex: 10    Spells: 1 memorised, 2 levels left

rFire  . . .     SeeInvis +     a - +0 hand crossbow
rCold  . . .     Gourm    .     b - +0 robe
rNeg   . . .     Faith    .     (no shield)
rPois  .         Spirit   .     (helmet unavailable)
rElec  .         Dismiss  .     (no cloak)
rCorr  .         Reflect  .     (no gloves)
SustAt .         Harm     .     (no boots)
MR     .....                    (no amulet)
Stlth  +.........               (no ring)
                                (no ring)

@: not resistant to hostile enchantments, very unstealthy
A: permanent stasis, dig shafts and tunnels, four strong arms, antennae 3
a: Dig, Shaft Self


You were on level 1 of the Dungeon.
You were not hungry.

You visited 1 branch of the dungeon, and saw 1 of its levels.

You collected 56 gold pieces.

Inventory:

Hand Weapons
 a - a +0 hand crossbow (weapon)
Missiles
 d - 15 bolts
 e - 8 stones (quivered)
Armour
 b - a +0 robe (worn)
Scrolls
 g - a scroll of amnesia {unknown}
Potions
 h - a potion of curing {unknown}
Books
 c - a book of Debilitation

   Spells                             Type                      Level
   a - Corona                         Hexes                        1
   b - Slow                           Hexes                        2
   c - Gell's Gravitas                Hexes/Translocation          3
   d - Inner Flame                    Hexes/Fire                   3
   e - Cause Fear                     Hexes                        4
   f - Leda's Liquefaction            Hexes/Earth                  4
Comestibles
 f - a bread ration


   Skills:
 + Level 1.1 Fighting
 + Level 2.1 Crossbows
 + Level 1.8 Dodging
 + Level 0.3 Stealth
 + Level 1.1 Spellcasting
 + Level 4.2 Hexes


You had 2 spell levels left.
You knew the following spells:

 Your Spells              Type           Power        Failure   Level  Hunger
a - Corona                Hex            ##.....      8%          1    ##.....


Dungeon Overview and Level Annotations

Branches:
Dungeon (1/15)

Altars:


Innate Abilities, Weirdness & Mutations

You are under a permanent stasis effect.
You can dig through walls and to a lower floor.
Your four strong arms can wield two-handed weapons with a shield.
You have a pair of large antennae on your head (SInv).


Message History

You are too injured to fight recklessly!
You are too injured to fight recklessly!
You are too injured to fight recklessly!
You are too injured to fight recklessly!
You are too injured to fight recklessly!
You are too injured to fight recklessly!
You are too injured to fight recklessly!
The rat bites you but does no damage.
A hobgoblin comes into view.
Found a scroll labeled WOPNALL LUNAI.
The hobgoblin misses you. The rat bites you.
* * * LOW HITPOINT WARNING * * *
A rat comes into view.
The hobgoblin closely misses you.
A kobold comes into view.
The kobold shouts!
A rat comes into view.
The hobgoblin hits you with a club!
You die...

.r......# #....
.........#### #l...
............########..(.
........# #.......##..(.
........###...........(?
......r.##r.######....##
........##g## ###..†.##.
#.gl.# #...##>(.. #@####
#.######.. #.# ##.# #.....
#.# ###..###.##.. #.
#..###...#....##.. #.
##...#.###.##..... #.
###.#.#.......... #####.##
#.#...........†
##......#####..........#...
#........##................


You could see 2 hobgoblins, a giant newt and a rat.

Vanquished Creatures
  3 giant cockroaches (D:1)
  A ball python (D:1)
  2 bats (D:1)
  2 giant newts (D:1)
  A goblin (D:1)
  A kobold (D:1)
  3 rats (D:1)
13 creatures vanquished.

Notes
Turn   | Place    | Note
--------------------------------------------------------------
     0 | D:1      | Hesddalt the Formicid Arcane Marksman began the quest for the Orb.
     0 | D:1      | Reached XP level 1. HP: 15/15 MP: 2/2
   187 | D:1      | Reached skill level 4 in Hexes
   193 | D:1      | Reached XP level 2. HP: 21/21 MP: 3/3
   365 | D:1      | Slain by a hobgoblin

Skill      XL: |  1 |
---------------+----+-----
Hexes          | 4 |  4.2
Fighting       | |  1.1
Crossbows      | |  2.1
Dodging        | |  1.8
Stealth        | |  0.3
Spellcasting   | |  1.1

Action                   || total
-------------------------++-------
 Fire: Hand crossbow     ||    20
Throw: Stone             ||    32
 Abil: Dig               ||     1
Armor: Robe              ||     3
Dodge: Dodged            ||    26
